PIO (24 & UNDER)
EAU CLAIRE ESQUIRES @ SALEM SLEDGEHAMMERS
07/05/2024
 
TOP OF THE 1ST
Eau Claire Esquires batting - Pitching for Salem Sledgehammers : RHP Carlos Morán
Pitching: RHP Carlos Morán
Batting: LHB Manny Salazar 0-0: Ball
1-0: Foul Ball, location: 2F
1-1: Foul Ball, location: 2F
1-2: Ball
2-2: Ball
3-2: Foul Ball, location: 2F
3-2: Foul Ball, location: 2F
3-2: Foul Ball, location: 2F
3-2: Foul Ball, location: 2F
3-2: Ground out 5-3 (Groundball, 56S)
Batting: RHB Norm Francis 0-0: Ball
1-0: Called Strike
1-1: Ball
2-1: Foul Ball, location: 2F
2-2: Foul Ball, location: 2F
2-2: Fly out, F4 (Popup, 3D)
Batting: LHB Howard Lambert 0-0: Foul Ball, location: 2F
0-1: Ground out 4-3 (Groundball, 4)
Top of the 1st over - 0 run(s), 0 hit(s), 0 error(s), 0 left on base; Eau Claire 0 - Salem 0
BOTTOM OF THE 1ST
Salem Sledgehammers batting - Pitching for Eau Claire Esquires : RHP Ignacio Torres
Pitching: RHP Ignacio Torres
Batting: RHB Dale Reeves 0-0: Called Strike
0-1: Ball
1-1: Foul Ball, location: 2F
1-2: SINGLE (Groundball, 56D)
Batting: LHB José Rivera 0-0: Ball
1-0: Ball
Dale Reeves steals 2nd base
2-0: Swinging Strike
2-1: Foul Ball, location: 2F
2-2: Strikes out swinging
Batting: LHB Nathan Frey 0-0: Called Strike
0-1: Foul Ball, location: 2F
0-2: Ball
1-2: Ball
2-2: Foul Ball, location: 2F
2-2: Foul Ball, location: 2F
2-2: Foul Ball, location: 2F
2-2: Ball
3-2: Fly out, F7 (Flyball, 7M)
Batting: RHB Valentino Agnelli 0-0: Called Strike
0-1: Swinging Strike
0-2: Ground out 4-3 (Groundball, 4M)
Bottom of the 1st over - 0 run(s), 1 hit(s), 0 error(s), 1 left on base; Eau Claire 0 - Salem 0
TOP OF THE 2ND
Eau Claire Esquires batting - Pitching for Salem Sledgehammers : RHP Carlos Morán
Batting: LHB Edwin Ryan 0-0: Ball
1-0: Foul Ball, location: 2F
1-1: Ball
2-1: Ball
3-1: Base on Balls
Batting: RHB Seiji Kouno 0-0: Called Strike
0-1: Ball
Edwin Ryan steals 2nd base
1-1: Fly out, F9 (Flyball, 9M)
Batting: RHB Roberto García 0-0: Ball
1-0: Foul Ball, location: 2F
1-1: DOUBLE (Line Drive, 7LS)
Edwin Ryan scores
Batting: SHB António De La Cruz 0-0: Ball
1-0: Ball
2-0: Foul Ball, location: 2F
2-1: Swinging Strike
2-2: Foul Ball, location: 2F
2-2: Foul Ball, location: 2F
2-2: Strikes out swinging
Batting: RHB Carlos Rea 0-0: Fly out, F8 (Flyball, 8LM)
Top of the 2nd over - 1 run(s), 1 hit(s), 0 error(s), 1 left on base; Eau Claire 1 - Salem 0
BOTTOM OF THE 2ND
Salem Sledgehammers batting - Pitching for Eau Claire Esquires : RHP Ignacio Torres
Batting: LHB Juan Aguilar 0-0: Ball
1-0: SINGLE (Groundball, 56D)
Batting: LHB Brent Alonzo 0-0: Called Strike
0-1: Ball
1-1: Grounds into double play, 6-4-3 (Groundball, 6)
Batting: SHB Luis Alonso 0-0: SINGLE (Groundball, 34D)
Batting: RHB Soshu Nakamura 0-0: Called Strike
0-1: Ball
1-1: SINGLE (Line Drive, 9LS)
Luis Alonso to second
Batting: RHB Brad French 0-0: Called Strike
0-1: Called Strike
0-2: Strikes out swinging
Bottom of the 2nd over - 0 run(s), 3 hit(s), 0 error(s), 2 left on base; Eau Claire 1 - Salem 0
TOP OF THE 3RD
Eau Claire Esquires batting - Pitching for Salem Sledgehammers : RHP Carlos Morán
Batting: SHB Tim Johnson 0-0: Called Strike
0-1: Ball
1-1: Called Strike
1-2: Strikes out swinging
Batting: LHB Manny Salazar 0-0: Called Strike
0-1: Foul Ball, location: 2F
0-2: Strikes out looking
Batting: RHB Norm Francis 0-0: Called Strike
0-1: Ball
1-1: Ball
2-1: Ball
3-1: Base on Balls
Batting: LHB Howard Lambert 0-0: Swinging Strike
0-1: Swinging Strike
0-2: Ball
1-2: Strikes out looking
Top of the 3rd over - 0 run(s), 0 hit(s), 0 error(s), 1 left on base; Eau Claire 1 - Salem 0
BOTTOM OF THE 3RD
Salem Sledgehammers batting - Pitching for Eau Claire Esquires : RHP Ignacio Torres
Batting: RHB Dale Reeves 0-0: SINGLE (Groundball, 4M)
Batting: LHB José Rivera 0-0: Ball
1-0: Called Strike
1-1: Ball
2-1: Foul Ball, location: 2F
2-2: Foul Ball, location: 2F
2-2: Foul Ball, location: 2F
2-2: Ball
3-2: Foul Ball, location: 2F
3-2: Foul Ball, location: 2F
3-2: Strikes out looking
Batting: LHB Nathan Frey 0-0: Ball
1-0: Foul Ball, location: 2F
1-1: Ball
2-1: Ball
Dale Reeves steals 2nd base
3-1: Foul Ball, location: 2F
3-2: DOUBLE (Groundball, 3L)
Dale Reeves scores
Batting: RHB Valentino Agnelli 0-0: Fly out, F8 (Flyball, 8RM)
Batting: LHB Juan Aguilar 0-0: Ball
1-0: Called Strike
1-1: Swinging Strike
1-2: Foul Ball, location: 2F
1-2: Strikes out swinging
Bottom of the 3rd over - 1 run(s), 2 hit(s), 0 error(s), 1 left on base; Eau Claire 1 - Salem 1
TOP OF THE 4TH
Eau Claire Esquires batting - Pitching for Salem Sledgehammers : RHP Carlos Morán
Batting: LHB Edwin Ryan 0-0: Ball
1-0: Ball
2-0: Ball
3-0: Called Strike
3-1: Called Strike
3-2: Foul Ball, location: 2F
3-2: Base on Balls
Batting: RHB Seiji Kouno 0-0: Called Strike
0-1: Ball
1-1: Foul Ball, location: 2F
1-2: Foul Ball, location: 2F
1-2: Ball
2-2: Strikes out swinging
Batting: RHB Roberto García 0-0: Ball
1-0: Foul Ball, location: 2F
1-1: Foul Ball, location: 2F
1-2: Strikes out looking
Batting: SHB António De La Cruz 0-0: Ball
1-0: Called Strike
1-1: Ball
2-1: Ball
3-1: Base on Balls
Edwin Ryan to second
Batting: RHB Carlos Rea 0-0: Foul Ball, location: 2F
0-1: Foul Ball, location: 2F
0-2: Ball
1-2: Foul Ball, location: 2F
1-2: Fly out, F2 (Popup, 2RF)
Top of the 4th over - 0 run(s), 0 hit(s), 0 error(s), 2 left on base; Eau Claire 1 - Salem 1
BOTTOM OF THE 4TH
Salem Sledgehammers batting - Pitching for Eau Claire Esquires : RHP Ignacio Torres
Batting: LHB Brent Alonzo 0-0: Called Strike
0-1: Ball
1-1: Ground out 6-3 (Groundball, 6M)
Batting: SHB Luis Alonso 0-0: Ground out 1-3 (Groundball, 13S)
Batting: RHB Soshu Nakamura 0-0: Ball
1-0: Ball
2-0: Foul Ball, location: 2F
2-1: Ground out 6-3 (Groundball, 6)
Bottom of the 4th over - 0 run(s), 0 hit(s), 0 error(s), 0 left on base; Eau Claire 1 - Salem 1
TOP OF THE 5TH
Eau Claire Esquires batting - Pitching for Salem Sledgehammers : RHP Carlos Morán
Batting: SHB Tim Johnson 0-0: Called Strike
0-1: Swinging Strike
0-2: Strikes out swinging
Batting: LHB Manny Salazar 0-0: Ball
1-0: Called Strike
1-1: Ball
2-1: Foul Ball, location: 2F
2-2: Ball
3-2: Foul Ball, location: 2F
3-2: Foul Ball, location: 2F
3-2: Foul Ball, location: 2F
3-2: Strikes out looking
Batting: RHB Norm Francis 0-0: Called Strike
0-1: Fly out, F7 (Flyball, 7M)
Top of the 5th over - 0 run(s), 0 hit(s), 0 error(s), 0 left on base; Eau Claire 1 - Salem 1
BOTTOM OF THE 5TH
Salem Sledgehammers batting - Pitching for Eau Claire Esquires : RHP Ignacio Torres
Batting: RHB Brad French 0-0: Swinging Strike
0-1: Fly out, F7 (Flyball, 7LDF)
Batting: RHB Dale Reeves 0-0: Called Strike
0-1: Fly out, F4 (Popup, 4D)
Batting: LHB José Rivera 0-0: Fly out, F7 (Line Drive, 78XD)
Bottom of the 5th over - 0 run(s), 0 hit(s), 0 error(s), 0 left on base; Eau Claire 1 - Salem 1
TOP OF THE 6TH
Eau Claire Esquires batting - Pitching for Salem Sledgehammers : RHP Carlos Morán
Pitching: LHP Nick Johnson
Batting: LHB Howard Lambert 0-0: Called Strike
0-1: Called Strike
0-2: Foul Ball, location: 2F
0-2: Strikes out looking
Batting: LHB Edwin Ryan 0-0: Ball
1-0: Ball
2-0: Ball
3-0: Base on Balls
Batting: RHB Seiji Kouno 0-0: DOUBLE (Flyball, 8RXD)
Edwin Ryan to third
Runner from 3rd tries for Home, SAFE, no throw or cutoff
Batting: RHB Roberto García 0-0: Ball
1-0: Fly out, F8 (Flyball, 8LD)
Runner from 2nd tags up, SAFE at 3rd, no throw
Batting: SHB António De La Cruz 0-0: Ball
1-0: Ball
2-0: Called Strike
2-1: Ball
3-1: Foul Ball, location: 2F
3-2: Base on Balls
Batting: RHB Carlos Rea 0-0: Foul Ball, location: 2F
0-1: Ball
1-1: Ball
2-1: Ball
3-1: Base on Balls
António De La Cruz to second
Batting: SHB Tim Johnson 0-0: Ball
1-0: Ball
2-0: Ball
3-0: Called Strike
3-1: Base on Balls
Seiji Kouno scores
António De La Cruz to third
Carlos Rea to second
Batting: LHB Manny Salazar 0-0: Reached on error, E5 (Groundball, 56)
António De La Cruz scores
Carlos Rea to third
Tim Johnson to second
Batting: RHB Norm Francis 0-0: Called Strike
0-1: Foul Ball, location: 2F
0-2: Foul Ball, location: 2F
0-2: Ball
1-2: Ball
2-2: Ball
3-2: Strikes out looking
Top of the 6th over - 3 run(s), 1 hit(s), 1 error(s), 3 left on base; Eau Claire 4 - Salem 1
BOTTOM OF THE 6TH
Salem Sledgehammers batting - Pitching for Eau Claire Esquires : RHP Ignacio Torres
Batting: LHB Nathan Frey 0-0: Called Strike
0-1: Ball
1-1: Foul Ball, location: 2F
1-2: Hit by Pitch
Batting: RHB Valentino Agnelli 0-0: Called Strike
0-1: Swinging Strike
0-2: Strikes out swinging
Batting: LHB Juan Aguilar 0-0: Called Strike
0-1: Foul Ball, location: 2F
0-2: SINGLE (Line Drive, 4M)
Nathan Frey to second
Batting: LHB Brent Alonzo 0-0: Ball
1-0: Fly out, F6 (Popup, 6MD)
Batting: SHB Luis Alonso 0-0: Called Strike
0-1: SINGLE (Groundball, 6MD)
Nathan Frey to third
Juan Aguilar to second
Runner from 3rd tries for Home, SAFE, no throw or cutoff
Batting: RHB Soshu Nakamura 0-0: Called Strike
0-1: Ball
1-1: Ball
2-1: TRIPLE (Line Drive, 89M)
Juan Aguilar scores
Luis Alonso scores
Pitching: RHP Armando Torres
Batting: RHB Brad French 0-0: Ball
1-0: Ball
2-0: Called Strike
2-1: Swinging Strike
2-2: Ball
3-2: Strikes out looking
Bottom of the 6th over - 3 run(s), 3 hit(s), 0 error(s), 1 left on base; Eau Claire 4 - Salem 4
TOP OF THE 7TH
Eau Claire Esquires batting - Pitching for Salem Sledgehammers : LHP Nick Johnson
Batting: LHB Howard Lambert 0-0: Called Strike
0-1: Swinging Strike
0-2: Ball
1-2: Ball
2-2: SINGLE (Line Drive, 34D)
Batting: LHB Edwin Ryan 0-0: Ball
1-0: Fly out, F4 (Popup, 4D)
Batting: RHB Seiji Kouno 0-0: Foul Ball, location: 2F
0-1: Reached on error, E5 (Groundball, 5S)
Howard Lambert to third
Batting: RHB Roberto García 0-0: Swinging Strike
0-1: Swinging Strike
0-2: Strikes out swinging
Batting: SHB António De La Cruz 0-0: Ball
Wild Pitch!
Howard Lambert scores
Seiji Kouno to third
1-0: DOUBLE (Line Drive, 7LM)
Seiji Kouno scores
Pitching: RHP Guillermo Martínez
Batting: RHB Carlos Rea 0-0: Ball
1-0: Ball
2-0: Foul Ball, location: 2F
2-1: Foul Ball, location: 2F
2-2: Foul Ball, location: 2F
2-2: Ball
3-2: Base on Balls
Pinch Hitting: LHB John Frost 0-0: Ball
1-0: Called Strike
1-1: Swinging Strike
1-2: Ball
2-2: Strikes out swinging
Top of the 7th over - 2 run(s), 2 hit(s), 1 error(s), 2 left on base; Eau Claire 6 - Salem 4
BOTTOM OF THE 7TH
Salem Sledgehammers batting - Pitching for Eau Claire Esquires : RHP Armando Torres
Now at SS: José Ruíz
Batting: RHB Dale Reeves 0-0: Called Strike
0-1: Foul Ball, location: 2F
0-2: Ball
1-2: Strikes out looking
Batting: LHB José Rivera 0-0: Swinging Strike
0-1: Called Strike
0-2: Strikes out looking
Batting: LHB Nathan Frey 0-0: Ball
1-0: Ball
2-0: Ball
3-0: Base on Balls
Batting: RHB Valentino Agnelli 0-0: Called Strike
0-1: Swinging Strike
0-2: Ball
1-2: Strikes out swinging
Bottom of the 7th over - 0 run(s), 0 hit(s), 0 error(s), 1 left on base; Eau Claire 6 - Salem 4
TOP OF THE 8TH
Eau Claire Esquires batting - Pitching for Salem Sledgehammers : RHP Guillermo Martínez
Batting: LHB Manny Salazar 0-0: Ball
1-0: Ball
2-0: Ball
3-0: Base on Balls
Batting: RHB Norm Francis 0-0: Called Strike
0-1: Ball
1-1: Ball
2-1: Called Strike
2-2: Ball
3-2: Ground out 5-3 (Groundball, 5L)
Manny Salazar to second
Batting: LHB Howard Lambert 0-0: Intentional Walk
Batting: LHB Edwin Ryan 0-0: Called Strike
0-1: Ball
1-1: Called Strike
1-2: Ball
2-2: Grounds out, U3 (Groundball, 3L)
Manny Salazar to third
Batting: RHB Seiji Kouno 0-0: Called Strike
0-1: Foul Ball, location: 2F
0-2: Foul Ball, location: 2F
0-2: Strikes out looking
Top of the 8th over - 0 run(s), 0 hit(s), 0 error(s), 2 left on base; Eau Claire 6 - Salem 4
BOTTOM OF THE 8TH
Salem Sledgehammers batting - Pitching for Eau Claire Esquires : RHP Armando Torres
Batting: LHB Juan Aguilar 0-0: Ball
1-0: Ball
2-0: Swinging Strike
2-1: Ball
3-1: Foul Ball, location: 2F
3-2: Base on Balls
Pitching: LHP Charlie Conner
Batting: LHB Brent Alonzo 0-0: Ball
1-0: Called Strike
1-1: Ball
2-1: Fly out, F9 (Popup, 4D)
Pitching: RHP Francisco Anaya
Batting: SHB Luis Alonso 0-0: Called Strike
0-1: Ball
1-1: SINGLE (Line Drive, 34)
Juan Aguilar to second
Batting: RHB Soshu Nakamura 0-0: Ball
1-0: Ball
2-0: Ball
3-0: Base on Balls
Juan Aguilar to third
Luis Alonso to second
Batting: RHB Brad French 0-0: Called Strike
0-1: Called Strike
0-2: Strikes out swinging
Batting: RHB Dale Reeves 0-0: Called Strike
0-1: Ball
1-1: Fly out, F9 (Flyball, 89M)
Bottom of the 8th over - 0 run(s), 1 hit(s), 0 error(s), 3 left on base; Eau Claire 6 - Salem 4
TOP OF THE 9TH
Eau Claire Esquires batting - Pitching for Salem Sledgehammers : RHP Guillermo Martínez
Pitching: RHP Vaughan Gillespie
Batting: RHB Roberto García 0-0: Reached on error, E5 (Groundball, 56S)
Batting: SHB António De La Cruz 0-0: Called Strike
0-1: Swinging Strike
0-2: Ball
1-2: Strikes out swinging
Batting: RHB Carlos Rea 0-0: Intentional Walk
Pinch Hitting: RHB Tony Vázquez 0-0: Ball
1-0: Ball
2-0: Swinging Strike
2-1: Foul Ball, location: 2F
2-2: Foul Ball, location: 2F
2-2: Strikes out swinging
Batting: LHB Manny Salazar 0-0: Ball
1-0: Called Strike
1-1: SINGLE (Line Drive, 6D)
Roberto García to third
Carlos Rea to second
Batting: RHB Norm Francis 0-0: Foul Ball, location: 2F
0-1: Ball
1-1: Swinging Strike
1-2: Strikes out swinging
Top of the 9th over - 0 run(s), 1 hit(s), 1 error(s), 3 left on base; Eau Claire 6 - Salem 4
BOTTOM OF THE 9TH
Salem Sledgehammers batting - Pitching for Eau Claire Esquires : RHP Francisco Anaya
Pitching: RHP Gene McNeil
Now at SS: Herb Bunch
Batting: LHB José Rivera 0-0: Ball
1-0: Called Strike
1-1: Ball
2-1: Foul Ball, location: 2F
2-2: Foul Ball, location: 2F
2-2: Ground out 4-3 (Groundball, 4M)
Batting: LHB Nathan Frey 0-0: Ground out 6-3 (Groundball, 6)
Batting: RHB Valentino Agnelli 0-0: Ball
1-0: Swinging Strike
1-1: Called Strike
1-2: Ball
2-2: Ball
3-2: Strikes out swinging
Bottom of the 9th over - 0 run(s), 0 hit(s), 0 error(s), 0 left on base; Eau Claire 6 - Salem 4
This league is powered by Out of the Park Baseball, the baseball management simulation game for PC, Mac and Linux
Saturday, April 9th, 2016 - OOTP Baseball 16.8 Build 38